Map: Newkirk Precinct TE (Void)

Players

LiquidSnute (Snute)

  • Race: Zerg Zerg
  • Spawn Location: 5:00

DnS - Winner!

  • Race: Protoss Protoss
  • Spawn Location: 7:00

Event: IEM XI Katowice - World Championship 2017

VOD

Have the link to the VOD?

Description

Time

  • Played on: Feb. 27, 2017, 6:15 a.m.
  • Length: 12:23

All games in this series

Show
View Real Time Build Order
Export as new Build Order

LiquidSnute Zerg 

Build Orders: Hatch First 

Get SALT Encoding   

  12  0:00  Drone  
  13  0:12  Overlord  
  13  0:17  Drone  
  14  0:31  Drone x2  
  14  0:34  Drone  
  17  0:53  Hatchery  
  17  0:55  Drone  
  17  0:58  Drone  
  17  1:01  Extractor  
  17  1:14  Spawning Pool  
  17  1:17  Drone  
  17  1:20  Drone  
  18  1:28  Drone  
  19  1:38  Overlord  
  19  1:49  Drone  
  20  2:00  Drone  
  21  2:01  Metabolic Boost, Queen  
  21  2:05  Queen  
  25  2:09  Drone  
  25  2:14  Drone  
  28  2:15  Drone  
  28  2:22  Zergling x2  
  29  2:26  Zergling x2  
  30  2:32  Drone  
  31  2:38  Drone  
  31  2:43  Hatchery  
  31  2:47  Queen  
  31  2:51  Overlord  
  33  2:54  Drone  
  33  2:56  Drone  
  35  2:59  Drone  
  35  3:04  Overlord  
  36  3:10  Drone x3  
  36  3:11  Drone  
  40  3:16  Drone  
  40  3:17  Drone x2  
  40  3:19  Drone  
  43  3:26  Overlord  
  43  3:33  Drone  
  43  3:35  Queen  
  43  3:36  Drone  
  43  3:40  Queen, Drone  
  49  3:46  Drone  
  49  3:48  Roach Warren  
  49  3:49  Drone  
  49  3:51  Zergling x4  
  49  3:54  Spore Crawler  
  52  3:55  Spore Crawler  
  52  3:58  Queen  
  52  3:59  Drone  
  52  4:00  Drone  
  55  4:03  Zergling x2  
  55  4:04  Zergling x2  
  55  4:07  Spore Crawler  
  55  4:08  Zergling x2  
  57  4:14  Zergling x6  
  57  4:15  Zergling x2  
  61  4:19  Overlord  
  61  4:20  Drone  
  62  4:25  Drone x2  
  62  4:27  Drone  
  65  4:32  Overlord  
  65  4:36  Lair  
  65  4:38  Drone x2  
  67  4:39  Evolution Chamber, Drone  
  67  4:44  Drone x2  
  67  4:45  Drone  
  70  4:50  Drone x2  
  70  4:51  Drone x2  
  73  4:56  Drone x3  
  75  5:01  Extractor  
  75  5:02  Drone x2  
  75  5:03  Extractor, Baneling Nest  
  74  5:10  Drone x2  
  74  5:11  Drone x3  
  74  5:12  Zerg Melee Weapons Level 1, Extractor  
  77  5:15  Drone  
  77  5:18  Drone  
  78  5:22  Drone  
  78  5:23  Drone  
  78  5:24  Drone x2  
  78  5:25  Overlord  
  82  5:29  Overlord  
  82  5:32  Overlord  
  82  5:37  Hatchery  
  82  5:40  Drone  
  82  5:41  Overlord  
  81  5:43  Extractor  
  81  5:44  Extractor  
  81  5:46  Drone x6  
  81  5:49  Centrifical Hooks  
  85  5:56  Overlord  
  85  6:00  Zergling x8, Roach Warren  
  85  6:01  Queen  
  89  6:15  Zergling x16  
  95  6:20  Drone  
  95  6:21  Drone x2  
  95  6:22  Drone  
  95  6:24  Overlord  
  99  6:26  Overlord  
  99  6:31  Zergling x2  
  99  6:32  Zergling x10  
  105  6:34  Infestation Pit  
  104  6:41  Glial Reconstitution  
  104  6:46  Baneling x11  
  104  6:48  Zergling x2  
  104  6:49  Zergling x8  
  108  6:56  Zergling x8  
  108  7:00  Spore Crawler  
  108  7:01  Queen  
  111  7:04  Zergling x6  
  111  7:05  Zergling x8  
  114  7:18  Zergling x2  
  114  7:19  Zergling x14  
  118  7:25  Zergling x2  
  118  7:26  Zergling x6  
  114  7:31  Roach x6  
  114  7:32  Roach  
  114  7:34  Zerg Melee Weapons Level 2  
  122  7:37  Evolution Chamber  
  122  7:41  Drone x4  
  122  7:44  Drone x2  
  127  7:48  Pathogen Glands  
  127  7:49  Drone x2  
  129  7:52  Drone x2  
  129  7:54  Drone x2  
  133  8:04  Zerg Ground Armor Level 1  
  132  8:07  Roach  
  132  8:08  Overlord x3  
  132  8:11  Overlord x2  
  133  8:15  Overlord  
  133  8:16  Overlord  
  133  8:25  Roach  
  132  8:29  Roach x3  
  133  8:37  Infestor  
  133  8:38  Infestor x5  
  145  8:44  Neural Parasite  
  145  8:49  Burrow  
  145  8:50  Hive  
  145  8:53  Spire  
  144  8:57  Roach x4  
  144  8:59  Zergling x12  
  144  9:00  Zergling x4  
  158  9:20  Infestor x3  
  158  9:22  Extractor  
  158  9:23  Drone x5  
  158  9:24  Extractor, Drone x2  
  170  9:28  Zergling x2  
  170  9:29  Zergling x8  
  174  9:36  Zergling x12  
  174  10:04  Corruptor x2  
  176  10:08  Greater Spire  
  176  10:11  Zergling x28  
  186  10:25  Hatchery  
  186  10:27  Ravager x5  
  186  10:28  Ravager x2  
  186  10:29  Overlord  
  186  10:30  Baneling x14  
  186  10:31  Baneling x5  
  186  10:34  Baneling x2  
  186  10:35  Baneling  
  186  10:36  Overlord  
  186  10:37  Zergling x12  
  192  11:10  Zergling x10  
  192  11:11  Zergling x10  
  200  11:14  Baneling x3  
  200  11:15  Baneling x9  
  200  11:18  Spore Crawler  
  196  11:29  Zergling x16  
  196  11:32  Brood Lord  
  174  11:44  Zergling x6  
  174  11:45  Zergling x12  
  132  11:54  Roach x3  
  132  11:55  Roach x2  
  132  11:59  Roach  
Show
View Real Time Build Order
Export as new Build Order

DnS Protoss - Winner!

Build Orders: 1 Gate Expand, Oracle Opening, Zealot Archon 

Get SALT Encoding   

  12  0:01  Probe (Chrono Boost)  
  13  0:11  Probe (Chrono Boost)  
  14  0:19  Pylon  
  14  0:22  Probe (Chrono Boost)  
  15  0:37  Probe (Chrono Boost)  
  15  0:40  Gateway  
  16  0:47  Probe (Chrono Boost)  
  16  0:48  Assimilator  
  17  0:58  Probe (Chrono Boost)  
  18  1:08  Probe (Chrono Boost)  
  19  1:22  Nexus  
  19  1:24  Probe (Chrono Boost)  
  20  1:34  Cybernetics Core  
  20  1:38  Probe (Chrono Boost)  
  21  1:43  Assimilator  
  21  1:49  Probe (Chrono Boost)  
  21  1:52  Pylon  
  22  1:59  Probe (Chrono Boost)  
  23  2:07  Adept  
  23  2:11  Warp Gate  
  23  2:12  Probe (Chrono Boost)  
  27  2:24  Probe (Chrono Boost)  
  27  2:33  Stargate  
  27  2:35  Probe (Chrono Boost)  
  27  2:36  Probe (Chrono Boost)  
  29  2:40  Adept  
  31  2:45  Probe (Chrono Boost)  
  31  2:46  Probe (Chrono Boost)  
  33  2:55  Gateway  
  33  2:56  Probe (Chrono Boost)  
  33  2:57  Probe (Chrono Boost)  
  35  3:07  Probe x2 (Chrono Boost)  
  35  3:08  Adept  
  39  3:12  Oracle  
  39  3:17  Probe (Chrono Boost)  
  39  3:19  Probe (Chrono Boost)  
  44  3:27  Pylon  
  44  3:28  Probe (Chrono Boost)  
  44  3:31  Probe (Chrono Boost)  
  46  3:36  Pylon  
  46  3:38  Gateway  
  46  3:43  Oracle  
  46  3:45  Probe (Chrono Boost)  
  47  3:53  Probe (Chrono Boost)  
  51  3:56  Probe (Chrono Boost)  
  51  4:02  Nexus  
  52  4:05  Probe (Chrono Boost)  
  52  4:07  Pylon  
  53  4:13  Probe (Chrono Boost)  
  56  4:19  Mothership Core (Chrono Boost)  
  56  4:25  Probe (Chrono Boost)  
  56  4:27  Assimilator  
  56  4:28  Assimilator  
  57  4:31  Robotics Facility  
  57  4:35  Probe (Chrono Boost)  
  59  4:38  Probe (Chrono Boost)  
  59  4:43  Pylon  
  59  4:46  Zealot x2  
  59  4:47  Adept  
  65  4:56  Probe x2 (Chrono Boost)  
  65  4:59  Pylon  
  67  5:01  Twilight Council  
  67  5:02  Forge  
  67  5:06  Probe (Chrono Boost)  
  69  5:08  Probe (Chrono Boost), Void Ray  
  73  5:17  Probe x2 (Chrono Boost)  
  73  5:19  Warp Prism  
  73  5:20  Probe (Chrono Boost)  
  76  5:27  Probe (Chrono Boost)  
  80  5:29  Probe (Chrono Boost), Sentry x2  
  80  5:31  Pylon  
  80  5:34  Probe (Chrono Boost)  
  80  5:35  Protoss Ground Weapons Level 1  
  85  5:38  Probe (Chrono Boost)  
  85  5:41  Probe (Chrono Boost)  
  87  5:46  Probe (Chrono Boost)  
  87  5:48  Probe (Chrono Boost)  
  89  5:52  Pylon  
  89  5:53  Probe (Chrono Boost)  
  91  5:58  Probe (Chrono Boost)  
  91  5:59  Probe (Chrono Boost)  
  91  6:00  Observer  
  91  6:01  Assimilator  
  91  6:03  Assimilator  
  94  6:05  Gateway  
  94  6:06  Probe (Chrono Boost)  
  94  6:07  Charge, Gateway  
  94  6:08  Gateway  
  94  6:09  Probe (Chrono Boost)  
  94  6:10  Probe (Chrono Boost)  
  96  6:14  Pylon  
  94  6:22  Gateway  
  94  6:24  Immortal  
  97  6:32  Gateway  
  97  6:33  Templar Archives  
  97  6:35  Gateway  
  97  6:38  Zealot x2  
  97  6:39  Zealot  
  103  6:41  Pylon  
  103  6:45  Probe x2 (Chrono Boost)  
  106  6:48  Probe (Chrono Boost)  
  106  6:49  Pylon  
  106  6:58  Immortal  
  110  7:12  Zealot  
  110  7:13  Zealot x2  
  108  7:18  Zealot x3  
  105  7:26  Probe (Chrono Boost)  
  93  7:31  Probe (Chrono Boost)  
  93  7:33  Probe (Chrono Boost)  
  95  7:37  Immortal  
  95  7:38  Probe (Chrono Boost)  
  95  7:42  Probe (Chrono Boost)  
  101  7:45  Probe (Chrono Boost)  
  101  7:47  High Templar x2  
  101  7:48  High Templar x2, Photon Cannon  
  101  7:50  Probe (Chrono Boost)  
  110  7:52  Probe (Chrono Boost)  
  110  7:57  Probe (Chrono Boost)  
  112  7:58  Archon x2  
  112  8:00  Zealot x4  
  112  8:02  Probe (Chrono Boost)  
  112  8:03  Zealot, Probe (Chrono Boost)  
  124  8:10  Protoss Ground Weapons Level 2  
  124  8:11  Immortal  
  124  8:14  Probe (Chrono Boost)  
  129  8:24  Zealot x2  
  127  8:28  Pylon x2  
  127  8:29  Pylon x2  
  125  8:41  Pylon  
  117  8:42  Pylon  
  117  8:47  Robotics Facility  
  117  8:51  High Templar x4  
  125  8:56  Archon x2  
  125  8:58  Zealot  
  125  8:59  Zealot x3  
  125  9:02  Nexus  
  130  9:20  High Templar x2  
  130  9:21  High Templar x2  
  138  9:25  Nexus, Archon  
  138  9:26  Photon Cannon, Archon  
  138  9:27  Pylon  
  138  9:28  Pylon, Photon Cannon  
  138  9:32  Immortal  
  138  9:33  Probe (Chrono Boost)  
  138  9:34  Probe (Chrono Boost)  
  138  9:35  Probe (Chrono Boost)  
  145  9:49  Zealot  
  145  9:50  Zealot x4  
  155  9:53  Zealot x4  
  157  10:06  Photon Cannon, Warp Prism  
  139  10:08  Gateway x2  
  139  10:11  Gateway  
  139  10:13  Gateway  
  137  10:15  High Templar x3  
  137  10:16  High Templar  
  137  10:21  Archon  
  145  10:23  Zealot x3, Archon  
  145  10:24  Zealot x2  
  155  10:30  Photon Cannon  
  155  10:32  Photon Cannon  
  155  10:35  Photon Cannon  
  155  10:39  Assimilator  
  155  10:41  Assimilator  
  155  10:52  Zealot x2, High Templar x4  
  155  10:53  Zealot x3  
  155  10:56  Pylon  
  173  10:57  Archon  
  173  10:58  Pylon  
  173  11:03  Archon  
  173  11:17  Stalker x3  
  179  11:18  Stalker x2  
  179  11:19  Zealot, Stalker  
  182  11:31  Stalker x3  
  176  11:42  Zealot  
  176  11:43  Zealot x2  
  176  11:46  Zealot x2, High Templar x2  
  176  11:47  Zealot  
  147  11:52  Archon  
  127  11:56  Zealot, High Templar x2  
  127  12:00  Archon  
  120  12:13  Zealot x3, High Templar x2  
  120  12:14  Zealot  
  122  12:17  Archon  
  122  12:20  Zealot x3  

Tags
 
Add a new tag
Caveats
  • Supply blocks, unpowered buildings, or Contaminate may cause inaccurate times.
  • Supply counts are checked every 10 seconds.